 Dungeon Crawl Stone Soup version 0.30.1-11-g7821555f0a (webtiles) character file.

Game seed: 8712050571014394331

607 playitsafe the Sneak (level 7, -1/57 HPs)
             Began as a Black Draconian Enchanter on Dec 12, 2023.
             Was a Believer of Zin.
             Slain by a water moccasin zombie (5 damage)
             ... on level 5 of the Dungeon.
             The game lasted 00:05:47 (4028 turns).

playitsafe the Sneak (Black Draconian Enchanter)    Turns: 4028, Time: 00:05:48

Health: -1/57      AC:  6    Str: 10    XL:     7   Next: 19%
Magic:  10/10      EV: 13    Int: 23    God:    Zin [**....]
Gold:   243        SH:  0    Dex: 12    Spells: 5/10 levels left

rFire   . . .        q - +4 dagger (speed)
rCold   . . .        (no shield)
rNeg    . . .        (body armour unavailable)
rPois   .            (helmet restricted)
rElec   +            (no cloak)
rCorr   .            (no gloves)
SInv    .            (no boots)
Will    .....        (no amulet)
Stlth   ++           l - +6 ring of intelligence
HPRegen 0.29/turn    (no ring)
MPRegen 0.12/turn

%: no passive effects
@: about to teleport, on recite cooldown
A: breathe lightning, AC +6, unfitting armour, electricity resistance,
cold-blooded
a: Breathe Lightning, Renounce Religion, Recite, Vitalisation, Donate Gold


You were on level 5 of the Dungeon.
You worshipped Zin.
Zin was pleased with you.
You visited 2 branches of the dungeon, and saw 6 of its levels.

You collected 270 gold pieces.
You donated 27 gold pieces to Zin.

Inventory:

Hand Weapons
 q - a +4 dagger of speed (weapon)
Missiles
 a - 4 poisoned darts
 f - 4 curare-tipped darts
Jewellery
 l - a +6 ring of intelligence (left hand)
 p - an amulet of the acrobat
Scrolls
 b - a scroll of immolation {unknown}
 c - 2 scrolls of teleportation
 d - 8 scrolls of identify
 e - 2 scrolls of vulnerability {unknown}
 i - a scroll of amnesia {unknown}
 j - 3 scrolls of enchant weapon {unknown}
 m - a scroll of noise {unknown}
Potions
 h - 2 potions of brilliance
 k - a potion of cancellation
 n - a potion of heal wounds {unknown}
 o - a potion of attraction {unknown}


   Skills:
 + Level 3.2 Fighting
 + Level 3.3 Short Blades
 + Level 3.5 Dodging
 + Level 4.2 Stealth
 - Level 2.0 Spellcasting
 + Level 4.0 Hexes
 + Level 2.1 Invocations


You had 5 spell levels left.
You knew the following spells:

 Your Spells              Type           Power      Damage    Failure   Level
a - Ensorcelled Hibernat  Hex/Ice        22%        N/A       9%          2
b - Tukima's Dance        Hex            20%        N/A       8%          3

Your spell library contained the following spells:

 Spells                   Type           Power      Damage    Failure   Level
 Confusing Touch          Hex            20%        N/A       8%          3
 Dazzling Flash           Conj/Hex       22%        N/A       17%         3


Dungeon Overview and Level Annotations

Branches:
Dungeon (5/15)             Temple (1/1) D:4

Altars:
Ashenzari
Cheibriados
Dithmenos
Fedhas
Hepliaklqana
Kikubaaqudgha
Makhleb
Nemelex Xobeh
Okawaru
Qazlal
Ru
Trog
Uskayaw
Vehumet
Xom
Yredelemnul
Zin
The Shining One

Shops:
D:4 [


Innate Abilities, Weirdness & Mutations

You can breathe wild blasts of lightning.
Your glossy black scales are hard. (AC +6)
You cannot fit into any form of body armour.
You are resistant to electric shocks. (rElec)
You are cold-blooded and may be slowed by cold attacks.


Message History

It was a potion of brilliance.
You feel clever all of a sudden.
The orc priest seems less confused.
The orc priest looks encouraged for a moment.
The iguana closely misses you.
Okay, then.
Casting: Ensorcelled Hibernation (safe; 9% risk of failure)
Confirm with . or Enter, or press ? or * to list all spells.
Okay, then.
As you read the scroll labelled XOVVUO YPHU, it crumbles to dust.
It is a scroll of identify.
c - 4 scrolls of teleportation The water moccasin zombie barely misses you.
The orc is lost in a daze.
The iguana bites you but does no damage.
As you read the scroll of teleportation, it crumbles to dust.
You feel strangely unstable.
The orc is no longer dazed.
The water moccasin zombie bites you but does no damage.
The iguana barely misses you.
It was a potion of cancellation.
You feel strangely stable.
Your magical effects are unravelling.
You feel magically purged.
You feel a little less clever now.
The water moccasin zombie barely misses you.
The orc misses you. The iguana completely misses you.
The water moccasin zombie closely misses you.
Okay, then.
As you read the scroll of teleportation, it crumbles to dust.
You feel strangely unstable. The wyvern zombie bites you.
* * * LOW HITPOINT WARNING * * *
The orc closely misses you. The iguana bites you.
* * * LOW HITPOINT WARNING * * *
The water moccasin zombie barely misses you.
It was a potion of magic.
Magic courses through your body.
The orc wizard casts a spell.
The orc wizard flickers and vanishes!
Deactivating autopickup; reactivate with Ctrl-A.
The wyvern zombie barely misses you. The water moccasin zombie bites you.
You die...

#..##...# ##..# #..# #..
#####..##..## #..# #..# ##.
.......##..# #..# #.## #.
#....#...# #..###.# ##.
#.......####...##..# ##.. .##
##...............#...##..#
....###.......................##
#............oZo...[..##.....##
##.........o{Z@.......##....##
#........#.olZ..............##
##...$...##..................#
#...##...#.....####..........
#...Z ZP..#.....# ....#......
#..~Z.~P.......... ..####.....
#..~~~≈.....##......# #......
..#..~~~....## ..... ###......
#.#[~~~~....# #.[......


You could see an iguana, 2 orc priests, 2 orcs, a water moccasin zombie, a hound
zombie and a wyvern zombie.

Vanquished Creatures
  2 black bears (D:4)
  A phantom (D:5)
  A scorpion (D:4)
  A water moccasin zombie (D:5)
  A bullfrog skeleton (D:5)
  A jelly (D:4)
  An orc priest (D:3)
  A hound zombie (D:5)
  4 adders
  A worm (D:2)
  3 dart slugs
  3 orcs
  9 ball pythons
  7 bats
  6 endoplasms
  5 giant cockroaches
  8 goblins
  9 hobgoblins
  4 jackals (D:1)
  8 quokkas
  6 frilled lizards
  2 kobolds
84 creatures vanquished.

Notes
Turn   | Place    | Note
-------+----------+-------------------------------------------
     0 | D:1      | playitsafe the Draconian Enchanter began the quest for the
                  | Orb.
     0 | D:1      | Reached XP level 1. HP: 14/14 MP: 3/3
    51 | D:1      | Reached XP level 2. HP: 11/22 MP: 5/5
   107 | D:1      | Learned a level 2 spell: Ensorcelled Hibernation
   323 | D:1      | Reached skill level 1 in Fighting
   378 | D:1      | Reached XP level 3. HP: 26/28 MP: 6/6
   765 | D:2      | Learned a level 3 spell: Tukima's Dance
   933 | D:2      | Found a faded altar of an unknown god.
  1087 | D:2      | Reached XP level 4. HP: 30/35 MP: 7/7
  2023 | D:3      | Reached XP level 5. HP: 36/41 MP: 8/8
  2030 | D:3      | Identified the +2 leather armour "Duiwuyny" {Will+ Str+3
                  | Stlth+}
  2735 | D:4      | Found a staircase to the Ecumenical Temple.
  2765 | Temple   | Entered the Ecumenical Temple
  2987 | Temple   | Became a worshipper of Zin the Law-Giver
  2987 | Temple   | Reached * piety under Zin
  3170 | D:4      | Found Keocweg's Antique Armour Emporium.
  3434 | D:5      | Entered Level 5 of the Dungeon
  3495 | D:5      | Noticed a black bear
  3504 | D:4      | Killed a black bear
  3505 | D:4      | Reached skill level 1 in Invocations
  3505 | D:4      | Reached XP level 6. HP: 14/50 MP: 4/9
  3789 | D:5      | Your scales start taking on a glossy black colour.
  3789 | D:5      | Reached XP level 7. HP: 31/57 MP: 10/10
  3789 | D:5      | Gained mutation: You are resistant to electric shocks.
                  | (rElec) [Black Draconian growth]
  3898 | D:5      | Reached ** piety under Zin
  4028 | D:5      | Slain by a water moccasin zombie

Illustrated notes

Levels and vault maps discovered:
D:1:      amcnicky_arrival_choice, layout_rooms, amcnicky_mini_pool_small,
          serial_bayou_pond_b, chequers_serial_rivers_room_b,
          minmay_misc_feat_four_crosses
D:2:      layout_loops_cross, chequers_ecumenical_altar_simple
D:3:      layout_basic
D:4:      layout_loops_corners, minmay_temple_entry_overgrown, serial_shops,
          shop
D:5:      layout_layer_cave, gammafunk_ghost_mausoleum, serial_undead,
          serial_undead_f, serial_undead_f, serial_undead_e, serial_undead_f,
          serial_undead_f, serial_undead_a
Temple:   hc_temple_tempest_star

Skill      XL: |  1  2  3  4  5  6  7 |
---------------+----------------------+-----
Dodging        | 2 3 |  3.5
Fighting       | 1 2 3 |  3.2
Stealth        | 3 4 |  4.2
Hexes          | 3 4 |  4.0
Short Blades   | 2 3 |  3.3
Invocations    | 1 2 |  2.1
Spellcasting   | |  2.0

Action                     |  1- 3 |  4- 6 |  7- 9 || total
---------------------------+-------+-------+-------++-------
  Melee: Dagger            |   144 |   127 |    38 ||   309
         Tailslap          |    17 |    21 |     2 ||    40
         Punch             |       |       |     1 ||     1
   Cast: Ensorcelled Hiber |       |     4 |       ||     4
 Invoke: Recite            |       |     1 |     1 ||     2
    Use: Potion            |     2 |       |     3 ||     5
         Scroll            |       |       |     3 ||     3
   Stab: Invisible         |     4 |       |       ||     4
         Sleeping          |     4 |     8 |       ||    12
 Armour: Skin              |    49 |    33 |     7 ||    89
  Dodge: Dodged            |   140 |    84 |    24 ||   248
